 Dungeon Crawl Stone Soup version 0.28.0-53-g5a82cb258f (webtiles) character file.

Game seed: 17123573913311031600

2725 Zeld the Zephyrmancer (level 9, -1/45 HPs)
             Began as a Tengu Air Elementalist on May 28, 2022.
             Was a Follower of Vehumet.
             Succumbed to a killer bee's poison
             ... on level 7 of the Dungeon.
             The game lasted 00:11:28 (11135 turns).

Zeld the Zephyrmancer (Tengu Air Elementalist)     Turns: 11135, Time: 00:11:29

Health: -1/45      AC:  2    Str: 10    XL:     9   Next: 67%
Magic:  5/21       EV: 14    Int: 19    God:    Vehumet [*.....]
Gold:   58         SH:  0    Dex: 14    Spells: 13/23 levels left

rFire   . . .      SeeInvis .   w - +4 dire flail
rCold   . . .      Faith    .   (shield currently unavailable)
rNeg    . . .      Spirit   .   a - +0 robe
rPois   .          Reflect  .   (helmet restricted)
rElec   .          Harm     .   (no cloak)
rCorr   .          Rampage  .   (no gloves)
Will    .....                   (boots unavailable)
Stlth   ++........              (no amulet)
HPRegen 0.15/turn               (no ring)
MPRegen 0.17/turn               (no ring)

@: lethally poisoned (-1 -> -25), flying quickly and evasively, quick
A: beak, talons 3, nimble flight
a: Renounce Religion


You were on level 7 of the Dungeon.
You worshipped Vehumet.
Vehumet was aware of your devotion.
You visited 2 branches of the dungeon, and saw 8 of its levels.

You collected 260 gold pieces.
You spent 202 gold pieces at shops.

Inventory:

Hand Weapons
 w - a +4 dire flail (weapon)
Armour
 a - a +0 robe (worn)
Jewellery
 i - a ring of protection from fire
Wands
 m - a wand of iceblast (22)
 p - a wand of flame (18)
 t - a wand of digging (5)
 x - a wand of polymorph (7)
Scrolls
 c - 7 scrolls of identify {unknown}
 e - 3 scrolls of teleportation {unknown}
 j - a scroll of fear {unknown}
 k - 3 scrolls of magic mapping {unknown}
 l - a scroll of blinking {unknown}
 n - a scroll of holy word {unknown}
 q - a scroll of amnesia {unknown}
 r - 3 scrolls of noise {unknown}
 u - a scroll of vulnerability {unknown}
Potions
 b - 3 potions of curing {unknown}
 d - a potion of resistance {unknown}
 f - 6 potions of lignification {unknown}
 g - 4 potions of haste {unknown}
 h - 2 potions of brilliance {unknown}
 o - a potion of invisibility {unknown}
 s - 2 potions of flight {unknown}
 v - a potion of cancellation {unknown}


   Skills:
 - Level 2.1 Dodging
 - Level 2.0 Stealth
 * Level 7.8 Spellcasting
 + Level 7.6 Conjurations
 * Level 11.3 Air Magic


You had 13 spell levels left.
You knew the following spells:

 Your Spells              Type           Power      Damage    Failure   Level
a - Shock                 Conj/Air       100%       1d9       1%          1
b - Static Discharge      Conj/Air       43%        N/A       1%          2
c - Swiftness             Air            50%        N/A       1%          3
d - Airstrike             Air            25%        N/A       1%          4

Your spell library contained the following spells:

 Spells                   Type           Power      Damage    Failure   Level
 Scorch                   Fire           14%        2d5       14%         2
 Animate Skeleton         Necr           14%        N/A       10%         1
 Pain                     Necr           28%        1d5       10%         1
 Call Canine Familiar     Summ           7%         N/A       28%         3
 Portal Projectile        Hex/Tloc       14%        N/A       28%         3
 Vampiric Draining        Necr           7%         2d6       28%         3
 Leda's Liquefaction      Hex/Erth       3%         N/A       67%         4


Dungeon Overview and Level Annotations

Branches:
Dungeon (7/15)             Temple (1/1) D:4

Altars:
Ashenzari
Cheibriados
Dithmenos
Elyvilon
Fedhas
Gozag
Hepliaklqana
Kikubaaqudgha
Makhleb
Nemelex Xobeh
Okawaru
Qazlal
Ru
Sif Muna
Trog
Uskayaw
Vehumet
Wu Jian
Xom
Yredelemnul
Zin

Shops:
D:5 *

Annotations:
D:3 2 runed translucent doors, ultragoat's ghost, amateur MiFi
D:6 2 transporters, fingers's ghost, amateur OpDe


Innate Abilities, Weirdness & Mutations

You have a beak for a mouth.
You have claws for feet.
Your magical nature lets you fly swiftly and evasively.


Message History

Unknown command.
Casting: Static Discharge (safe; 1% risk of failure)
Confirm with . or Enter, or press ? or * to list all spells.
The killer bee is struck by an arc of lightning!
You kill the killer bee!
Vehumet accepts your kill.
You feel your power returning.
You are struck by an arc of lightning.
The killer bee is struck by an arc of lightning.
The killer bee is lightly wounded.
The lightning grounds out.
You feel very sick.
The killer bee stings you but does no damage.
The killer bee stings you.
You are lethally poisoned!
The killer bee poisons you!
Unknown command.
Unknown command.
Casting: Static Discharge (safe; 1% risk of failure)
Confirm with . or Enter, or press ? or * to list all spells.
Aiming: Airstrike (dangerous; 1% risk of failure)
Press: ? - help, Dir - move target, f - killer bee
Aim: a killer bee (lightly wounded, empty space bonus: 6/8)
The air twists around and strikes the killer bee!
The killer bee is almost dead.
You feel very sick. The killer bee stings you.
* * * LOW HITPOINT WARNING * * *
You are more poisoned.
The killer bee poisons you! The killer bee stings you.
* * * LOW HITPOINT WARNING * * *
Casting: Airstrike (dangerous; 1% risk of failure)
Confirm with . or Enter, or press ? or * to list all spells.
Aiming: Airstrike (dangerous; 1% risk of failure)
Press: ? - help, Dir - move target, f/p - killer bee
Aim: a killer bee (almost dead, empty space bonus: 6/8)
The air twists around and strikes the killer bee!
You kill the killer bee!
Vehumet accepts your kill.
You feel your power returning.
You die...

##.#.....
###....#.#####
#......#.#...
#.#.#....#.#########
#.#.####....##.....#
#.#....####.##.....#
#.####.#!.'........#
#.##.#.#(#††#......#
#.##.#.#.='@.......#
#....#.####)####<..#
#####.......+ #####
#.#####.....#.+
#...........))+
.######.......#
#.......#
.............#
#.###............


There were no monsters in sight!

Vanquished Creatures
  A wraith (D:6)
  Eustachio (D:5)
  A water moccasin (D:6)
  A black bear (D:6)
  2 sky beasts (D:5)
  A necrophage (D:6)
  An ogre (D:5)
  2 centaurs
  A kobold brigand (D:7)
  A gnoll sergeant (D:5)
  4 scorpions
  3 killer bees (D:7)
  10 wights (D:6)
  A bullfrog zombie (D:5)
  A bullfrog skeleton (D:5)
  3 hounds (D:5)
  2 orc priests (D:3)
  2 jellies
  A gnoll shaman (D:5)
  4 iguanas
  Ijyb (D:4)
  3 orc wizards
  18 gnolls
  8 adders
  A shadow imp (D:7)
  2 ufetubi
  An adder zombie (D:5)
  A worm (D:4)
  12 orcs
  9 ball pythons
  4 bats
  9 endoplasms
  5 giant cockroaches
  2 goblins (D:1)
  6 hobgoblins
  8 jackals
  5 quokkas
  5 frilled lizards
  8 kobolds
  6 rats
157 creatures vanquished.

Vanquished Creatures (others)
  A fungus (D:3)
1 creature vanquished.

Grand Total: 158 creatures vanquished

Notes
Turn   | Place    | Note
-------+----------+-------------------------------------------
     0 | D:1      | Zeld the Tengu Air Elementalist began the quest for the
                  | Orb.
     0 | D:1      | Reached XP level 1. HP: 10/10 MP: 4/4
   247 | D:1      | Reached XP level 2. HP: 12/15 MP: 1/6
   250 | D:1      | Learned a level 2 spell: Static Discharge
   874 | D:1      | Reached XP level 3. HP: 16/19 MP: 4/7
   878 | D:1      | Learned a level 3 spell: Swiftness
  2155 | D:2      | Reached skill level 5 in Air Magic
  2654 | D:2      | Reached XP level 4. HP: 21/24 MP: 4/9
  2987 | D:3      | Found a runed translucent door.
  2988 | D:3      | Noticed ultragoat's ghost (amateur MiFi)
  3401 | D:3      | Gained mutation: Your magical nature lets you fly swiftly
                  | and evasively. [Tengu growth]
  3401 | D:3      | Reached XP level 5. HP: 22/28 MP: 3/10
  3406 | D:3      | Learned a level 4 spell: Airstrike
  3541 | D:3      | Found a faded altar of an unknown god.
  4056 | D:3      | Found a runed translucent door.
  4349 | D:3      | Reached skill level 6 in Air Magic
  4873 | D:4      | Reached XP level 6. HP: 26/32 MP: 1/13
  4888 | D:4      | HP: 1/32 [scorpion (7)]
  5754 | D:4      | Noticed Ijyb
  5756 | D:4      | Killed Ijyb
  5861 | D:4      | Reached skill level 7 in Air Magic
  5861 | D:4      | Reached XP level 7. HP: 36/36 MP: 5/14
  5954 | D:4      | Found a staircase to the Ecumenical Temple.
  6131 | Temple   | Entered the Ecumenical Temple
  6253 | Temple   | Became a worshipper of Vehumet
  6413 | D:5      | Entered Level 5 of the Dungeon
  6414 | D:5      | Noticed Eustachio
  6582 | D:5      | Killed Eustachio
  6583 | D:5      | Reached skill level 5 in Spellcasting
  6871 | D:5      | Reached skill level 5 in Conjurations
  6871 | D:5      | Reached skill level 8 in Air Magic
  7008 | D:5      | Reached XP level 8. HP: 25/41 MP: 1/17
  7621 | D:5      | Reached * piety under Vehumet
  7621 | D:5      | Offered knowledge of Foxfire by Vehumet.
  7851 | D:5      | Reached skill level 9 in Air Magic
  7967 | D:5      | Found Gocri's Assorted Antiques.
  7975 | D:5      | Bought a viscous silvery potion for 31 gold pieces
  7975 | D:5      | Bought a sedimented emerald potion for 31 gold pieces
  8361 | D:5      | Bought a brass wand for 140 gold pieces
  8992 | D:6      | Reached skill level 10 in Air Magic
  8992 | D:6      | Reached XP level 9. HP: 35/45 MP: 5/20
  9898 | D:6      | Identified the +1 scale mail of the Crypt {+Inv Str+5}
  9988 | D:6      | Found a transporter.
 10114 | D:6      | Noticed fingers's ghost (amateur OpDe)
 10115 | D:6      | Found a transporter.
 10115 | D:6      | Identified the +5 great mace of Doleff {vorpal, Dex+4 SInv
                  | Stlth+}
 10268 | D:6      | Reached skill level 11 in Air Magic
 10301 | D:6      | Reached ** piety under Vehumet
 10301 | D:6      | Offered knowledge of Scorch by Vehumet.
 11135 | D:7      | Succumbed to a killer bee's poison

Illustrated notes

Levels and vault maps discovered:
D:1:      dpeg_arrival_oval, layout_basic, minmay_surrounded
D:2:      layout_loops_ring
D:3:      layout_loops_cross, shapermc_ecumenical_altar_ellora,
          ebering_ghost_sewer_f
D:4:      layout_cave_pools, minmay_temple_entry_mist, uniq_ijyb
D:5:      layout_cave_pools, serial_gnoll_camp, gnoll_camp_mini_doghouse,
          gnoll_camp_mini_shop, gnoll_camp_mini_hut, gnoll_camp_medium_02,
          serial_park_tiny_pond, minmay_crystal_water, hangedman_glass_teeth,
          uniq_eustachio
D:6:      layout_layer_cave, gammafunk_ghost_smash, kennysheep_generic_room_7
D:7:      layout_basic, eino_jars
Temple:   kilobyte_greek_temple

Skill      XL: |  1  2  3  4  5  6  7  8  9 |
---------------+----------------------------+-----
Conjurations   | 2 3 4 5 6 7 |  7.6
Air Magic      | 5 6 7 8 10 11 | 11.3
Spellcasting   | 3 4 5 6 7 |  7.8
Dodging        | |  2.1
Stealth        | |  2.0

Action                   |  1- 3 |  4- 6 |  7- 9 || total
-------------------------+-------+-------+-------++-------
Melee: Unarmed           |    28 |    19 |    24 ||    71
       Kick              |     8 |     4 |    15 ||    27
       Peck              |     6 |     3 |     5 ||    14
       Punch             |       |       |     2 ||     2
       Dire flail        |       |       |    11 ||    11
 Cast: Shock             |    20 |    18 |    19 ||    57
       Static Discharge  |    31 |    28 |    17 ||    76
       Airstrike         |       |    11 |    95 ||   106
       Swiftness         |       |     1 |     1 ||     2
 Stab: Sleeping          |       |     1 |       ||     1
Armor: Robe              |    11 |     7 |    12 ||    30
Dodge: Dodged            |    35 |    38 |    67 ||   140
